 Dungeon Crawl Stone Soup version 0.31-a0-365-gcf821cafb2 (console) character file.

Game seed: 11850866239646028837

35291 jejorda2 the Grappler (level 13, 0/106 HPs)
             Began as a Gnoll Berserker on July 27, 2023.
             Was a High Priest of Trog.
             Killed from afar by a catoblepas (7 damage)
             ... with a blast of calcifying dust
             ... on level 3 of the Lair of Beasts.
             The game lasted 00:47:05 (17055 turns).

jejorda2 the Grappler (Gnoll Berserker)            Turns: 17055, Time: 00:47:07

Health: 0/106      AC: 21    Str: 20    XL:     13   Next: 82%
Magic:  25/25      EV:  9    Int:  7    God:    Trog [*****.]
Gold:   379        SH: 18    Dex: 13    Spells: 29/29 levels left

rFire   + + .        a - +3 morningstar (heavy)
rCold   + + .        c - +2 shield of Resistance {rF++ rC++ Will++}
rNeg    . . .        j - +0 plate armour
rPois   +            B - +1 hat of Uskayaw's Supremacy {*Slow Fly rElec Will+++}
rElec   +            o - +2 cloak
rCorr   .            (no gloves)
SInv    +            s - +1 pair of boots
Will    +++++        r - amulet of reflection Stlth
                     K - ring of poison resistance
HPRegen 0.37/turn    y - ring of see invisible
MPRegen 0.19/turn

%: slow self (1%), reflection
@: on berserk cooldown, flying, slowed, very slow
A: fangs 1, strong nose, distributed training
a: Renounce Religion, Berserk, Trog's Hand, Brothers in Arms


You were on level 3 of the Lair of Beasts.
You worshipped Trog.
Trog was extremely pleased with you.
You visited 2 branches of the dungeon, and saw 16 of its levels.
You also visited: Sewer and Ossuary.

You collected 902 gold pieces.
You spent 523 gold pieces at shops.

Inventory:

Hand Weapons
 a - a +3 heavy morningstar (weapon)
 b - a +0 broad axe
Missiles
 g - 7 boomerangs
 h - 44 poisoned darts
 n - 2 curare-tipped darts
 q - 5 atropa-tipped darts
 w - 2 throwing nets
 H - 5 silver javelins
 M - 16 silver boomerangs
Armour
 c - the +2 shield of Resistance (worn) {rF++ rC++ Will++}
   (You found it on level 2 of the Dungeon)

   rF:        It greatly protects you from fire.
   rC:        It greatly protects you from cold.
   Will:      It greatly increases your willpower.
 j - a +0 plate armour (worn)
 o - a +2 cloak (worn)
 s - a +1 pair of boots (worn)
 B - the +1 hat of Uskayaw's Supremacy (worn) {*Slow Fly rElec Will+++}
   (You acquired it on level 9 of the Dungeon)

   rElec:     It insulates you from electricity.
   Fly:       It grants you flight.
   *Slow:     It may slow you when you take damage.
   Will:      It greatly increases your willpower.
Jewellery
 r - an amulet of reflection (around neck)
 x - a ring of protection from cold
 y - a ring of see invisible (right hand)
 C - a ring of resist corrosion
 K - a ring of poison resistance (left hand)
Wands
 u - a wand of paralysis (10)
 E - a wand of polymorph (14)
 J - a wand of mindburst (13)
 Q - a wand of digging (6)
 R - a wand of iceblast (7)
Scrolls
 i - 2 scrolls of butterflies
 k - 7 scrolls of teleportation
 m - 2 scrolls of fog
 t - 5 scrolls of vulnerability
 A - 4 scrolls of blinking
 D - a scroll of revelation
 F - a scroll of poison
 P - a scroll of identify
Potions
 d - 3 potions of haste
 e - 2 potions of cancellation
 f - a potion of heal wounds
 l - 2 potions of resistance
 p - 2 potions of invisibility
 v - 6 potions of attraction
 z - a potion of enlightenment
 G - 9 potions of curing
 I - 3 potions of might
 O - a potion of mutation
Miscellaneous
 L - a piece from Xom's chessboard (15/15) (quivered)


   Skills:
 + Level 11.0 Fighting
 + Level 8.8 Short Blades
 + Level 8.8 Long Blades
 + Level 8.8 Axes
 + Level 8.8 Maces & Flails
 + Level 8.8 Polearms
 + Level 8.8 Staves
 + Level 8.8 Ranged Weapons
 + Level 8.8 Throwing
 + Level 10.0 Armour
 + Level 10.0 Dodging
 + Level 8.8 Stealth
 + Level 8.8 Shields
 + Level 11.0 Unarmed Combat
 + Level 8.8 Spellcasting
 + Level 7.3 Conjurations
 + Level 7.3 Hexes
 + Level 7.3 Summonings
 + Level 7.3 Necromancy
 + Level 7.3 Translocations
 + Level 7.3 Transmutations
 + Level 7.3 Fire Magic
 + Level 7.3 Ice Magic
 + Level 7.3 Air Magic
 + Level 7.3 Earth Magic
 + Level 7.3 Poison Magic
 + Level 9.6 Invocations
 + Level 8.8 Evocations
 + Level 7.3 Shapeshifting


You had 29 spell levels left.
You didn't know any spells.
Your spell library was empty.

Dungeon Overview and Level Annotations

Branches:
Dungeon (12/15)            Temple (0/1) D:7            Lair (4/5) D:10
 Shoals (0/4) Lair:2       Spider (0/4) Lair:2          Orc (0/2) D:12
  Sewer (visited)         Ossuary (visited)
  Slime: Lair:4-5

Altars:
Ashenzari
Cheibriados
Fedhas
Kikubaaqudgha
Makhleb
Okawaru
Sif Muna
Uskayaw

Shops:
D:2 [   D:4 ?:=*(   D:10 :

Annotations:
D:5 3 runed translucent doors, bmack86's ghost, amateur MiFi
D:8 3 runed translucent doors, LeprechaunX's ghost, journeyman OpSh
Lair:2 2 transporters, Newt's ghost, journeyman MfFi


Innate Abilities, Weirdness & Mutations

You have very sharp teeth.
Your uncanny sense of smell can sniff out nearby items.
Your experience applies equally to all skills.


Message History

The wolf closely misses you.
The catoblepas breathes a plume of calcifying dust at you.
The blast of calcifying dust hits you but does no damage.
You block the wolf's attack. x2; The catoblepas barely misses you.
The wolf barely misses you. You block the catoblepas's attack.
You impale the wolf!!
You kill the wolf!
Trog accepts your kill.
The catoblepas breathes a plume of calcifying dust at you.
The blast of calcifying dust hits you but does no damage.
The catoblepas gores you but does no damage.
Unknown command.
The catoblepas breathes a plume of calcifying dust at you.
The blast of calcifying dust hits you!
* * * LOW HITPOINT WARNING * * *
The catoblepas breathes a plume of calcifying dust at you.
The blast of calcifying dust hits you but does no damage.
Unknown command.
You hit the catoblepas but do no damage.
You block the catoblepas's attack. x2
The catoblepas breathes a plume of calcifying dust at you.
The blast of calcifying dust hits you but does no damage.
The catoblepas breathes a plume of calcifying dust at you.
The blast of calcifying dust hits you!
* * * LOW HITPOINT WARNING * * *
You block the catoblepas's attack. The catoblepas gores you!!
* * * LOW HITPOINT WARNING * * *
You feel much better. You block the catoblepas's attack.
The catoblepas breathes a plume of calcifying dust at you.
The blast of calcifying dust hits you.
* * * LOW HITPOINT WARNING * * *
Unknown command.
You puncture the catoblepas! Your bite misses the catoblepas.
The catoblepas is lightly wounded.
You block the catoblepas's attack. The catoblepas gores you!!
* * * LOW HITPOINT WARNING * * *
The catoblepas breathes a plume of calcifying dust at you.
The blast of calcifying dust hits you!
You die...

..........§####..#
..##..#.#....#...##
.#########........#
..# ##.......## ..#
#........## ..#
#.........# .##
##.....†>## .##
##........# ..#
#......Y@.# ..#
#.....§§.## .##
######......§##
..###.##.#....§..§#
<................##
###.###.#######..P#
##.#### ##### ###


You could see a catoblepas.

Vanquished Creatures
  A hydra (Lair:4)
  2 two-headed ogres
  2 boulder beetles
  A skyshark (Lair:1)
  A sixfirhy (D:8)
  3 skeletal warriors (D:12)
  A deep elf pyromancer (D:12)
  A manticore (D:10)
  4 black mambas
  A merfolk siren (Lair:2)
  Maggie (D:8)
  10 cane toads
  A torpor snail (Lair:2)
  2 rime drakes
  6 komodo dragons
  A hornet (Lair:2)
  2 trolls (D:10)
  2 polar bears
  Grinder (D:3)
  8 blink frogs
  A dream sheep (Lair:3)
  Sigmund (D:4)
  5 slime creatures (D:12)
  A vampire (D:12)
  A shadow (D:10)
  38 yaks
  3 wraiths
  6 wyverns
  3 culicivoras (Lair:2)
  3 basilisks (Lair:3)
  3 steam dragons
  4 redbacks (Lair:2)
  An acid dragon (D:10)
  11 water moccasins
  An ice beast (D:5)
  A sky beast (D:7)
  4 black bears
  2 orc warriors (D:9)
  6 wolves
  2 ogres
  7 centaurs
  4 phantoms
  9 kobold brigands
  An elf zombie (Ossuary)
  11 bullfrogs
  3 scorpions
  8 wights
  19 killer bees
  4 electric eels
  A howler monkey (D:5)
  3 human zombies (Ossuary)
  2 hounds (D:10)
  2 jellies
  A sleepcap (D:7)
  2 orc priests (D:9)
  Crazy Yiuf (D:4)
  Natasha (thrice) (D:4)
  5 iguanas
  7 orc wizards
  8 ogre zombies (D:12)
  2 mummies (Ossuary)
  12 adders
  11 gnolls
  5 river rats (Sewer)
  A white imp (D:8)
  2 worms (D:2)
  2 dart slugs
  24 orcs
  4 ball pythons
  2 bats
  6 endoplasms
  3 giant cockroaches (D:3)
  7 goblins
  6 hobgoblins
  10 jackals
  32 kobolds
  10 quokkas
  8 frilled lizards
  A goblin skeleton (D:12)
  7 goblin zombies
  A hobgoblin skeleton (D:12)
  13 hobgoblin zombies
  3 jackal zombies (Ossuary)
  9 kobold zombies (Ossuary)
  3 orc skeletons (D:12)
  19 orc zombies
  25 rats
  A rat zombie (Ossuary)
  A spectral kobold (D:1)
479 creatures vanquished.

Vanquished Creatures (collateral kills)
  An elephant (Lair:3)
  A cane toad (Lair:3)
  5 yaks (Lair:3)
  A black bear (Lair:3)
  A bullfrog (Lair:3)
9 creatures vanquished.

Vanquished Creatures (others)
  An orc wizard (D:9)
  4 kobolds (D:9)
5 creatures vanquished.

Grand Total: 493 creatures vanquished

Notes
Turn   | Place    | Note
-------+----------+-------------------------------------------
     0 | D:1      | jejorda2 the Gnoll Berserker began the quest for the Orb.
     0 | D:1      | Reached XP level 1. HP: 23/23 MP: 1/1
    96 | D:1      | Found a faded altar of an unknown god.
   184 | D:1      | Reached XP level 2. HP: 29/29 MP: 2/2
   546 | D:1      | Reached XP level 3. HP: 35/35 MP: 3/3
   569 | D:1      | Reached ** piety under Trog
   849 | D:2      | Found the +2 shield of Resistance {rF++ rC++ Will++}
   874 | D:2      | Reached skill level 1 in Invocations
   974 | D:2      | Reached skill level 1 in Short Blades
   974 | D:2      | Reached skill level 1 in Long Blades
   974 | D:2      | Reached skill level 1 in Axes
   974 | D:2      | Reached skill level 1 in Maces & Flails
   974 | D:2      | Reached skill level 1 in Polearms
   974 | D:2      | Reached skill level 1 in Staves
   974 | D:2      | Reached skill level 1 in Ranged Weapons
   974 | D:2      | Reached skill level 1 in Throwing
   974 | D:2      | Reached skill level 1 in Stealth
   974 | D:2      | Reached skill level 1 in Shields
   974 | D:2      | Reached skill level 1 in Spellcasting
   974 | D:2      | Reached skill level 1 in Evocations
  1119 | D:2      | Reached XP level 4. HP: 41/41 MP: 5/5
  1294 | D:2      | Found Vuivvuann's Armour Boutique.
  1478 | D:2      | Reached skill level 1 in Conjurations
  1478 | D:2      | Reached skill level 1 in Hexes
  1478 | D:2      | Reached skill level 1 in Summonings
  1478 | D:2      | Reached skill level 1 in Necromancy
  1478 | D:2      | Reached skill level 1 in Translocations
  1478 | D:2      | Reached skill level 1 in Transmutations
  1478 | D:2      | Reached skill level 1 in Fire Magic
  1478 | D:2      | Reached skill level 1 in Ice Magic
  1478 | D:2      | Reached skill level 1 in Air Magic
  1478 | D:2      | Reached skill level 1 in Earth Magic
  1478 | D:2      | Reached skill level 1 in Poison Magic
  1478 | D:2      | Reached skill level 1 in Shapeshifting
  1748 | D:3      | Found a glowing drain.
  1770 | Sewer    | Entered a sewer
  1779 | Sewer    | Noticed a kobold brigand
  1792 | Sewer    | Killed a kobold brigand
  1793 | Sewer    | Reached XP level 5. HP: 32/47 MP: 2/7
  1882 | Sewer    | Noticed a kobold brigand
  1907 | Sewer    | Killed a kobold brigand
  1908 | Sewer    | Reached XP level 6. HP: 50/53 MP: 8/8
  2069 | Sewer    | Reached skill level 5 in Armour
  2069 | Sewer    | Reached skill level 5 in Dodging
  2179 | Sewer    | Reached *** piety under Trog
  2795 | D:3      | Noticed Grinder
  2803 | D:3      | Killed Grinder
  2804 | D:3      | Reached XP level 7. HP: 60/60 MP: 8/10
  3603 | D:4      | Found Ilivos's Book Boutique.
  3608 | D:4      | Found Xiux's Assorted Antiques.
  3611 | D:4      | Noticed Natasha
  3617 | D:4      | Killed Natasha
  3630 | D:4      | Noticed Natasha
  3636 | D:4      | Killed Natasha
  3644 | D:4      | Bought a scroll labelled RETHIW UH HECS for 16 gold pieces
  3644 | D:4      | Bought a scroll labelled PAR VISAUGYCK for 16 gold pieces
  3644 | D:4      | Bought a scroll labelled HUXAUF VATILL for 16 gold pieces
  3644 | D:4      | Bought a copper ring for 80 gold pieces
  3659 | D:4      | Reached XP level 8. HP: 67/67 MP: 12/12
  3660 | D:4      | Noticed Sigmund
  3670 | D:4      | Killed Sigmund
  3820 | D:4      | Found Nogid's Weapon Boutique.
  3911 | D:4      | Found Vihuc's Magic Scroll Shoppe.
  4020 | D:4      | Found Woaff's Jewellery Boutique.
  4295 | D:4      | Noticed Natasha
  4300 | D:4      | Killed Natasha
  4364 | D:4      | Found a runed translucent door.
  4365 | D:4      | Noticed Crazy Yiuf
  4370 | D:4      | Killed Crazy Yiuf
  4421 | D:5      | Entered Level 5 of the Dungeon
  4484 | D:5      | Reached XP level 9. HP: 52/73 MP: 9/14
  4527 | D:5      | Reached **** piety under Trog
  4577 | D:5      | Found a sand-covered staircase.
  4583 | Ossuary  | Entered an ossuary
  4755 | Ossuary  | Reached ***** piety under Trog
  5117 | D:5      | Found a runed translucent gate.
  5118 | D:5      | Found a runed translucent gate.
  5119 | D:5      | Found a runed translucent gate.
  5336 | D:5      | Noticed bmack86's ghost (amateur MiFi)
  5476 | D:4      | Bought a scroll of blinking for 82 gold pieces
  5623 | D:6      | Found an ancient bone altar of Kikubaaqudgha.
  5766 | D:4      | Bought a scroll of teleportation for 33 gold pieces
  6111 | D:7      | Reached skill level 5 in Invocations
  6233 | D:7      | Found a staircase to the Ecumenical Temple.
  6279 | D:7      | Found a hide-covered altar of Uskayaw.
  6454 | D:7      | Found an iron altar of Okawaru.
  6473 | D:7      | Reached XP level 10. HP: 80/80 MP: 17/17
  6479 | D:7      | Reached skill level 5 in Short Blades
  6479 | D:7      | Reached skill level 5 in Long Blades
  6479 | D:7      | Reached skill level 5 in Axes
  6479 | D:7      | Reached skill level 5 in Maces & Flails
  6479 | D:7      | Reached skill level 5 in Polearms
  6479 | D:7      | Reached skill level 5 in Staves
  6479 | D:7      | Reached skill level 5 in Ranged Weapons
  6479 | D:7      | Reached skill level 5 in Throwing
  6479 | D:7      | Reached skill level 5 in Stealth
  6479 | D:7      | Reached skill level 5 in Shields
  6479 | D:7      | Reached skill level 5 in Spellcasting
  6479 | D:7      | Reached skill level 5 in Evocations
  6643 | D:7      | Found a blossoming altar of Fedhas.
  6643 | D:7      | Found a shimmering blue altar of Sif Muna.
  6789 | D:8      | Noticed Maggie
  6806 | D:8      | Killed Maggie
  7082 | D:8      | Found a runed translucent gate.
  7082 | D:8      | Found a runed translucent gate.
  7178 | D:8      | Found a runed translucent gate.
  7182 | D:8      | Noticed LeprechaunX's ghost (journeyman OpSh)
  7250 | D:8      | Found a runed translucent door.
  7250 | D:8      | Found a burning altar of Makhleb.
  7250 | D:8      | Noticed a sixfirhy
  7283 | D:8      | Killed a sixfirhy
  7948 | D:8      | Found a snail-covered altar of Cheibriados.
  7950 | D:8      | You fall into a shaft and drop 2 floors!
  7950 | D:10     | Entered Level 10 of the Dungeon
  7950 | D:10     | Found Acaocs's Book Boutique.
  7976 | D:10     | Noticed a manticore
  7988 | D:10     | Killed a manticore
  8110 | D:10     | Found a staircase to the Lair.
  8134 | D:10     | Reached XP level 11. HP: 60/87 MP: 19/19
  8271 | D:10     | Reached skill level 5 in Conjurations
  8271 | D:10     | Reached skill level 5 in Hexes
  8271 | D:10     | Reached skill level 5 in Summonings
  8271 | D:10     | Reached skill level 5 in Necromancy
  8271 | D:10     | Reached skill level 5 in Translocations
  8271 | D:10     | Reached skill level 5 in Transmutations
  8271 | D:10     | Reached skill level 5 in Fire Magic
  8271 | D:10     | Reached skill level 5 in Ice Magic
  8271 | D:10     | Reached skill level 5 in Air Magic
  8271 | D:10     | Reached skill level 5 in Earth Magic
  8271 | D:10     | Reached skill level 5 in Poison Magic
  8271 | D:10     | Reached skill level 5 in Shapeshifting
  8318 | D:10     | Noticed a two-headed ogre
  8323 | D:10     | Killed a two-headed ogre
  8903 | D:9      | Received a gift from Trog
  9140 | D:9      | Found a broken altar of Ashenzari.
  9144 | D:9      | Saw a vision of the Shoals and the Spider Nest.
  9144 | D:9      | Noticed a pharaoh ant
  9144 | D:9      | Noticed a pharaoh ant
  9144 | D:9      | Noticed an entropy weaver
  9144 | D:9      | Noticed a wolf spider
  9144 | D:9      | Noticed a demonic crawler
  9144 | D:9      | Noticed a sea snake
  9144 | D:9      | Noticed a harpy
  9144 | D:9      | Noticed a manticore
  9144 | D:9      | Noticed a sea snake
  9144 | D:9      | Noticed a manticore
  9144 | D:9      | Noticed a spark wasp
  9145 | D:9      | Noticed a demonic crawler
  9145 | D:9      | Noticed a sea snake
  9145 | D:9      | Noticed an entropy weaver
  9146 | D:9      | Noticed a pharaoh ant
  9146 | D:9      | Noticed a demonic crawler
  9187 | D:9      | Identified a scroll of acquirement
  9187 | D:9      | Acquired the +1 hat of Uskayaw's Supremacy {*Slow Fly rElec
                  | Will+++}
  9677 | D:4      | Bought a ring of poison resistance for 280 gold pieces
 10595 | D:11     | Noticed a boulder beetle
 10601 | D:11     | Killed a boulder beetle
 10650 | D:11     | Noticed a two-headed ogre
 10655 | D:11     | Killed a two-headed ogre
 11114 | D:12     | Found a staircase to the Orcish Mines.
 11119 | D:12     | Reached XP level 12. HP: 96/96 MP: 22/22
 11134 | D:12     | Received a gift from Trog
 12296 | Lair:1   | Entered Level 1 of the Lair of Beasts
 12365 | Lair:1   | Noticed a boulder beetle
 12444 | Lair:1   | Reached skill level 10 in Fighting
 12444 | Lair:1   | Reached skill level 10 in Unarmed Combat
 12540 | Lair:1   | Killed a boulder beetle
 12884 | Lair:1   | Noticed a skyshark
 12900 | Lair:1   | Killed a skyshark
 14205 | Lair:2   | Reached XP level 13. HP: 64/104 MP: 23/25
 15066 | Lair:2   | Found a staircase to the Shoals.
 15185 | Lair:2   | Found a hole to the Spider Nest.
 15473 | Lair:2   | Found a transporter.
 15475 | Lair:2   | Found a transporter.
 15476 | Lair:2   | Noticed Newt's ghost (journeyman MfFi)
 17035 | Lair:4   | Reached skill level 10 in Armour
 17035 | Lair:4   | Reached skill level 10 in Dodging
 17052 | Lair:3   | HP: 2/106 [catoblepas (18)]
 17055 | Lair:3   | Killed from afar by a catoblepas

Illustrated notes

Levels and vault maps discovered:
D:1:      dpeg_arrival_signposts, layout_loops_ring,
          dreamdust_ecumenical_altar_drowned_temple
D:2:      layout_basic, serial_shops, nicolae_shop_window_shopping
D:3:      layout_rooms, gup_sewer_entry_pipe, minmay_rat_hole, uniq_grinder
D:4:      layout_basic, serial_shops, shop, shop, shop_fountains,
          nicolae_shop_tiny_glass, shop, uniq_sigmund, uniq_crazy_yiuf_cottage,
          uniq_natasha
D:5:      layout_basic, serial_curves, eino_curves_02, eino_curves_01,
          gammafunk_ghost_icy, lightli_ossuary_entry_decrepit_ruins,
          guppyfry_early_lair_pool
D:6:      layout_loops_ring, kiku_gazebo_pond_becter, serial_shops,
          nicolae_square_shop, chequers_serial_rivers_micro_b
D:7:      layout_rooms, mainiacjoe_overflow_brackets,
          mainiacjoe_overflow_boulevard, grunt_temple_overflow_open,
          minmay_temple_entry_antechambers, st_stairs_1
D:8:      layout_basic, marbit_many_paths, nzn_makhleb_speed_demon,
          gammafunk_ghost_necromancy, uniq_maggie
D:9:      layout_basic, grunt_ashenzari_visionary
          [grunt_ashenzari_visionary_shoals, grunt_ashenzari_visionary_spider]
D:10:     layout_small_grid, erik_lair_island, serial_shops, shop_fountains,
          minmay_unpleasant_kobolds
D:11:     layout_loops_ring
D:12:     layout_basic, zombieorc2_lemuel, minmay_misc_feat_doors
Lair:1:   layout_layer_cave, serial_bayou_shore_a, lemuel_fruit_fields,
          infiniplex_staircase_pool, grunt_megastairs_2
Lair:2:   layout_small_grid, minmay_shoals_entry_lonely_mermaid,
          nicolae_spider_entry_tight_spaces, gammafunk_ghost_hive, st_stairs_7,
          minivault_24
Lair:3:   nzn_winding_woodlands_three_and_one
          [nzn_winding_woodlands_5x15_sawtooth,
          nzn_winding_woodlands_5x15_twine, nzn_winding_woodlands_5x15_eye,
          nzn_winding_woodlands_center_triple_pond], layout_chaotic_city
Lair:4:   layout_loops_ring, minmay_slime_entry_oklob_open,
          nicolae_quartered_pool_little, minivault_24

Skill      XL: |  1  2  3  4  5  6  7  8  9 10 11 12 13 |
---------------+----------------------------------------+-----
Invocations    | 1 2 3 4 5 6 7 8 9 |  9.6
Short Blades   | 1 2 3 4 5 6 8 |  8.8
Long Blades    | 1 2 3 4 5 6 8 |  8.8
Axes           | 1 2 3 4 5 6 8 |  8.8
Maces & Flails | 1 2 3 4 5 6 8 |  8.8
Polearms       | 1 2 3 4 5 6 8 |  8.8
Staves         | 1 2 3 4 5 6 8 |  8.8
Ranged Weapons | 1 2 3 4 5 6 8 |  8.8
Throwing       | 1 2 3 4 5 6 8 |  8.8
Stealth        | 1 2 3 4 5 6 8 |  8.8
Shields        | 1 2 3 4 5 6 8 |  8.8
Spellcasting   | 1 2 3 4 5 6 8 |  8.8
Evocations     | 1 2 3 4 5 6 8 |  8.8
Conjurations   | 1 2 3 4 5 6 7 |  7.3
Hexes          | 1 2 3 4 5 6 7 |  7.3
Summonings     | 1 2 3 4 5 6 7 |  7.3
Necromancy     | 1 2 3 4 5 6 7 |  7.3
Translocations | 1 2 3 4 5 6 7 |  7.3
Transmutations | 1 2 3 4 5 6 7 |  7.3
Fire Magic     | 1 2 3 4 5 6 7 |  7.3
Ice Magic      | 1 2 3 4 5 6 7 |  7.3
Air Magic      | 1 2 3 4 5 6 7 |  7.3
Earth Magic    | 1 2 3 4 5 6 7 |  7.3
Poison Magic   | 1 2 3 4 5 6 7 |  7.3
Shapeshifting  | 1 2 3 4 5 6 7 |  7.3
Armour         | 5 6 7 8 9 10 | 10.0
Dodging        | 5 6 7 8 9 10 | 10.0
Fighting       | 7 8 9 10 11 | 11.0
Unarmed Combat | 7 8 9 10 11 | 11.0

Action                     |  1- 3 |  4- 6 |  7- 9 | 10-12 | 13-15 || total
---------------------------+-------+-------+-------+-------+-------++-------
  Melee: Unarmed           |    97 |   175 |   432 |    38 |       ||   742
         Bite              |    15 |    21 |    61 |    69 |    25 ||   191
         Morningstar       |       |       |       |   515 |   158 ||   673
         Hand axe          |       |       |       |    36 |       ||    36
         Broad axe         |       |       |       |    22 |    80 ||   102
  Throw: Javelin           |       |       |       |     2 |       ||     2
 Invoke: Berserk           |       |     2 |     5 |    15 |     5 ||    27
         Trog's Hand       |       |     1 |     4 |     7 |     2 ||    14
         Brothers in Arms  |       |       |       |       |     1 ||     1
Ability: Begin Untransform |       |       |     1 |       |       ||     1
  Evoke: Wand              |       |       |       |     2 |       ||     2
         Piece from Xom's  |       |       |       |    16 |       ||    16
    Use: Scroll            |       |     6 |    14 |    11 |     3 ||    34
         Potion            |       |       |       |     2 |     3 ||     5
   Stab: Paralysed         |       |       |       |     2 |       ||     2
         Petrified         |       |       |       |     3 |       ||     3
 Armour: Scale mail        |    31 |    37 |     9 |       |       ||    77
         Chain mail        |       |       |   102 |   175 |       ||   277
         Plate armour      |       |       |       |   170 |   157 ||   327
  Dodge: Dodged            |    48 |    37 |   109 |   264 |    95 ||   553
  Block: Kite shield       |    13 |    51 |   218 |   770 |   308 ||  1360
         Reflection        |       |       |       |    18 |       ||    18
   Form: Beast             |     1 |       |       |       |       ||     1

Table legend: (Time is in decaauts)
 A = Elapsed time spent in this place.
 B = Non-inter-level travel time spent in this place.
 C = Inter-level travel time spent in this place.
 D = Time resting spent in this place.
 E = Time spent auto-exploring this place.
 F = Levels seen in this place.
 G = Mean time per level.
                   A        B        C        D        E       F      G
               +--------+--------+--------+--------+--------+-----+--------+
         Total |  18066 |  16808 |   1258 |   1165 |  11437 |  18 | 1003.7 |
       Dungeon |  11698 |  10591 |   1107 |    635 |   7288 |  12 |  974.8 |
          Lair |   5039 |   4888 |    151 |    427 |   3510 |   4 | 1259.8 |
         Sewer |   1033 |   1033 |      0 |     91 |    582 |   1 | 1033.0 |
       Ossuary |    295 |    295 |      0 |     12 |     56 |   1 |  295.0 |
               +--------+--------+--------+--------+--------+-----+--------+

Top non-repeatable levels by time:
  Lair:1: 2029 daAuts
  Lair:2: 1675 daAuts
     D:8: 1464 daAuts
     D:4: 1449 daAuts
    D:12: 1326 daAuts
  Lair:3: 1296 daAuts
    D:10: 1210 daAuts
     D:9: 1045 daAuts
   Sewer: 1033 daAuts
    D:11: 895 daAuts
     D:1: 840 daAuts
     D:7: 829 daAuts
     D:5: 825 daAuts
     D:3: 809 daAuts
     D:2: 795 daAuts
